AoeStats
← zhangchonghui

Nomad

507735502Analyzed
4v4 RM · 12d ago on Sep 19, 2026· 23m 8s· 8 players
Game mode
Random Map
Map size
231×231
Population
200
Speed
Normal
Resources
Standard
Victory
Conquest
Starting age
Dark Age
Ending age
Imperial Age
RankedLock teamsTeams togetherTeam positionsShared explorationLock speedFull tech treeHidden civsTurbo modeCheats
Victory
Defeat
🇨🇳 Dravidians · China
1540
+10
🇦🇷 Ethiopians · Argentina
1480
+12
🇦🇺 Persians · Australia
1465
+13
🇹🇼 Vietnamese · Taiwan
1452
+14
🇨🇳 Spanish · China
1435
-14
🇨🇳 Koreans · China
1432
-13
🇨🇳 Japanese · China
1396
-12
🇨🇳 Huns · China
1348
-10
Marchantia
6:23 Loom
13:37 Feudal Age
18:21 Castle Age
16:44 Fishing Lines
17:37 Fletching
17:53 Double-Bit Axe
18:27 Demolition Ship
19:34 Medium Warships
19:15 Gillnets
20:35 Bodkin Arrow
Didi
3:13 Loom
13:47 Feudal Age
18:35 Castle Age
16:23 Double-Bit Axe
17:56 Fletching
18:41 Crossbowman
22:00 Bodkin Arrow
ResonanceFreq
12:37 Feudal Age
13:25 Double-Bit Axe
16:08 Castle Age
15:27 Horse Collar
15:29 Fishing Lines
16:52 Bow Saw
21:02 Heavy Plow
22:07 Loom
22:30 Gold Mining
23:43 Wheelbarrow
22:54 Town Watch
czj136
3:15 Loom
13:00 Feudal Age
18:27 Double-Bit Axe
22:46 Castle Age
21:44 Fletching
21:46 Gold Mining
23:42 Medium Warships
zhangchonghui
5:33 Loom
15:59 Feudal Age
20:40 Castle Age
2468899547
4:36 Loom
14:45 Feudal Age
21:29 Castle Age
20:02 Stone Mining
22:09 Double-Bit Axe
22:07 Horse Collar
世一上、
14:09 Feudal Age
14:54 Loom
21:58 Castle Age
20:00 Fletching
江哥
5:26 Loom
13:29 Feudal Age
17:43 Castle Age
16:03 Stone Mining
16:44 Gold Mining
17:01 Double-Bit Axe
17:00 Fishing Lines
18:34 Bow Saw
20:01 Fletching
20:08 Gillnets
22:39 Bodkin Arrow
Connection lost

Rejoining the realm…

Still unreachable

The connection could not be restored.

Session expired

The server has moved on; the page needs a fresh start.